Map: Honorgrounds LE

Players

Namshar - Winner!

  • Race: Zerg Zerg
  • Spawn Location: 7:00

SirRobin

  • Race: Zerg Zerg
  • Spawn Location: 1:00

Event: WCS Austin 2017

VOD

Have the link to the VOD?

Description

Time

  • Played on: April 28, 2017, 4:44 p.m.
  • Length: 9:48

All games in this series

Show
View Real Time Build Order
Export as new Build Order

Namshar Zerg - Winner!

Build Orders: Hatch First 

Get SALT Encoding   

  12  0:00  Drone  
  13  0:12  Overlord  
  13  0:18  Drone  
  14  0:31  Drone x2  
  14  0:34  Drone  
  17  0:52  Hatchery  
  17  0:56  Drone  
  17  0:59  Drone  
  18  1:09  Extractor  
  17  1:14  Spawning Pool  
  17  1:18  Drone  
  17  1:21  Drone  
  18  1:28  Drone  
  19  1:38  Overlord  
  19  2:01  Queen  
  19  2:02  Zergling x4  
  19  2:04  Queen, Baneling Nest  
  24  2:10  Drone  
  24  2:12  Drone  
  27  2:15  Drone  
  27  2:22  Zergling x2  
  28  2:28  Drone  
  29  2:33  Drone  
  29  2:37  Queen  
  30  2:41  Drone  
  33  2:48  Overlord  
  33  2:51  Drone  
  33  2:54  Baneling x2  
  33  2:56  Zergling x2  
  35  3:02  Drone  
  35  3:03  Metabolic Boost  
  36  3:11  Drone x3  
  36  3:12  Drone x2  
  40  3:18  Drone x3  
  43  3:22  Overlord  
  43  3:28  Drone  
  44  3:36  Hatchery  
  43  3:42  Overlord  
  43  3:52  Drone x7  
  43  3:55  Baneling x2  
  50  3:59  Queen  
  52  4:04  Roach Warren  
  52  4:06  Zergling x2  
  52  4:07  Zergling x2  
  53  4:10  Zergling x4  
  55  4:21  Baneling  
  54  4:24  Extractor  
  54  4:25  Extractor  
  54  4:26  Lair, Evolution Chamber  
  51  4:32  Drone x2  
  51  4:33  Drone x2  
  51  4:35  Queen  
  57  4:48  Queen  
  57  4:52  Overlord x2, Baneling x2  
  58  4:53  Overlord  
  58  4:54  Zergling x8  
  62  5:00  Baneling x2  
  62  5:01  Zergling x4  
  64  5:08  Overlord x2  
  64  5:10  Zerg Missile Weapons Level 1  
  60  5:21  Drone  
  60  5:22  Drone x4  
  60  5:26  Baneling x2  
  60  5:27  Baneling x2  
  61  5:39  Glial Reconstitution  
  58  5:43  Roach x4  
  58  5:44  Zergling x4  
  58  5:45  Zergling x8  
  71  5:58  Drone  
  71  5:59  Roach  
  71  6:00  Roach x3  
  80  6:06  Roach x4  
  80  6:07  Overlord  
  86  6:14  Drone x4  
  86  6:18  Roach x2  
  94  6:27  Roach x4  
  99  6:34  Overlord x2  
  99  6:35  Overlord  
  99  6:44  Roach  
  99  6:45  Roach x4  
  109  6:56  Roach x5  
  109  7:00  Roach  
  118  7:07  Drone  
  118  7:08  Drone x7  
  119  7:12  Roach x2  
  122  7:31  Zerg Missile Weapons Level 2  
  122  7:33  Drone  
  122  7:34  Extractor  
  122  7:37  Drone x3  
  122  7:39  Roach  
  122  7:40  Roach x4  
  135  7:48  Roach x2  
  135  7:52  Queen x2  
  135  7:55  Drone x3  
  126  8:07  Drone x7  
  126  8:08  Drone  
  126  8:12  Hydralisk Den  
  111  8:29  Drone x6  
  111  8:31  Extractor  
  111  8:32  Queen, Extractor  
  111  8:34  Spore Crawler x2  
  100  8:36  Spore Crawler  
  100  8:37  Queen  
  96  8:49  Roach x3  
  96  8:50  Roach x9  
  110  8:59  Hydralisk x3  
  110  9:01  Queen  
  118  9:04  Hydralisk  
  118  9:09  Hydralisk x2  
  124  9:12  Overlord  
Show
View Real Time Build Order
Export as new Build Order

SirRobin Zerg 

Build Orders: Hatch First, Zergling Baneling 

Get SALT Encoding   

  12  0:00  Drone  
  13  0:08  Drone  
  14  0:17  Overlord  
  14  0:23  Drone, Extractor  
  15  0:35  Drone x2  
  17  0:53  Hatchery  
  17  0:56  Drone  
  17  0:59  Drone  
  18  1:14  Spawning Pool  
  18  1:16  Drone  
  18  1:18  Extractor  
  18  1:21  Drone  
  18  1:27  Drone  
  19  1:38  Overlord  
  19  1:49  Drone  
  20  2:01  Queen  
  20  2:02  Zergling x2  
  20  2:04  Queen  
  20  2:05  Drone  
  26  2:09  Zergling x2  
  27  2:17  Metabolic Boost  
  27  2:20  Drone  
  27  2:22  Zergling x2  
  29  2:26  Drone  
  30  2:31  Drone  
  30  2:36  Queen  
  31  2:40  Drone  
  34  2:46  Baneling Nest  
  34  2:49  Drone x2  
  35  2:56  Overlord  
  33  3:13  Hatchery  
  33  3:16  Drone  
  33  3:17  Drone x2  
  35  3:28  Drone x3  
  35  3:29  Overlord  
  35  3:30  Zergling x2  
  35  3:32  Zergling x2  
  40  3:41  Overlord  
  40  3:44  Drone  
  40  3:45  Drone x2  
  43  3:50  Zergling x6  
  43  3:51  Zergling x2  
  47  3:55  Baneling  
  47  4:00  Drone, Overlord  
  48  4:11  Drone x2  
  50  4:21  Zergling x2  
  50  4:22  Zergling x14  
  55  4:24  Lair  
  55  4:26  Extractor  
  55  4:27  Drone  
  55  4:28  Extractor  
  54  4:51  Zergling x2  
  54  4:52  Zergling x12  
  61  4:55  Baneling  
  61  4:56  Baneling x3  
  61  4:57  Baneling x3  
  61  4:58  Baneling  
  61  5:06  Drone x4  
  65  5:09  Drone x6  
  68  5:26  Baneling x4  
  68  5:27  Baneling x2  
  67  5:35  Zergling x2  
  61  5:36  Zergling x24  
  72  5:43  Spire  
  72  5:46  Extractor  
  72  5:47  Drone x2, Extractor  
  72  5:48  Drone x2, Extractor  
  72  5:49  Drone  
  73  5:56  Zergling x2  
  67  5:57  Zergling x4  
  67  6:00  Drone  
  70  6:07  Drone x2  
  72  6:14  Zergling x2  
  72  6:15  Zergling x6  
  72  6:34  Overlord  
  72  6:36  Overlord  
  72  6:37  Overlord x2  
  72  6:38  Drone x3  
  73  6:44  Baneling x3  
  73  6:47  Baneling  
  64  7:10  Drone x6, Mutalisk  
  64  7:11  Mutalisk x9  
  90  7:18  Zerg Flyer Weapons Level 1  
  90  7:24  Hatchery  
  89  7:30  Zergling x2  
  89  7:31  Zergling x6  
  89  7:42  Zergling x12  
  86  7:53  Mutalisk  
  86  7:54  Mutalisk x4  
  86  7:57  Zergling x2  
  88  8:05  Extractor  
  70  8:17  Zergling x14  
  61  8:27  Drone  
  61  8:28  Drone  
  61  8:29  Drone  
  52  8:41  Overlord  
  47  8:49  Drone x3  
  48  9:07  Drone  
  48  9:08  Drone  
  50  9:12  Drone  
Tags
 
Add a new tag
Caveats
  • Supply blocks, unpowered buildings, or Contaminate may cause inaccurate times.
  • Supply counts are checked every 10 seconds.